 Dungeon Crawl Stone Soup version 0.29.0-4-gdea44cf6ec (webtiles) character file.

Game seed: 12254238987403358175

51 qw the Chopper (level 3, -3/46 HPs)
             Began as a Minotaur Berserker on Sept 9, 2022.
             Was a Follower of Trog.
             Slain by a gnoll bouda
             ... wielding a +0 whip
              (13 damage)
             ... on level 4 of the Dungeon.
             The game lasted 00:00:19 (903 turns).

qw the Chopper (Minotaur Berserker)                  Turns: 903, Time: 00:00:19

Health: -3/46      AC:  2    Str: 23    XL:     3   Next: 58%
Magic:  2/2        EV: 12    Int:  4    God:    Trog [*.....]
Gold:   43         SH:  0    Dex:  9    Spells: 2/2 levels left

rFire   . . .      SeeInvis .   Y - +0 hand axe (vamp)
rCold   . . .      Faith    .   (no shield)
rNeg    . . .      Spirit   .   b - +0 animal skin
rPois   .          Reflect  .   (helmet restricted)
rElec   .          Harm     .   (no cloak)
rCorr   .          Rampage  .   (no gloves)
Will    .....                   (no boots)
Stlth   ..........              (no amulet)
HPRegen 0.15/turn               (no ring)
MPRegen 0.08/turn               (no ring)

@: berserking (expiring), very quick
A: horns 2, retaliatory headbutt
a: Renounce Religion, Berserk


You were on level 4 of the Dungeon.
You worshipped Trog.
Trog was aware of your devotion.
You visited 1 branch of the dungeon, and saw 3 of its levels.

You collected 43 gold pieces.


Innate Abilities, Weirdness & Mutations

You have a pair of horns on your head.
You reflexively headbutt those who attack you in melee.


   Skills:
 - Level 3.6 Fighting
 + Level 5.6 Axes
 - Level 2.4 Armour
 - Level 2.1 Dodging


You had 2 spell levels left.
You didn't know any spells.
Your spell library was empty.

Inventory:

Hand Weapons
 Y - a +0 vampiric hand axe (weapon)
Armour
 b - a +0 animal skin (worn)
Scrolls
 a - a scroll of identify

Dungeon Overview and Level Annotations

Branches:
Dungeon (4/15)
 Temple: D:4-7

Altars:


Message History

You hear a shout!
887 ||| Stepping ~*~*~tactically~*~*~ (hiding).
You start waiting.
A gnoll bouda is nearby!
894 ||| INVOKING Berserk.
A red film seems to cover your vision as you go berserk!
You feel yourself moving faster!
You feel mighty!
You hit the gnoll. Your headbutt misses the gnoll.
The gnoll is moderately wounded.
You slash the gnoll! Your headbutt misses the gnoll.
The gnoll is severely wounded.
A gnoll comes into view. It is wielding a +0 halberd.
The gnoll closely misses you.
You slash the gnoll!
You kill the gnoll!
Trog accepts your kill.
The gnoll shouts!
You slash the gnoll!
The gnoll is severely wounded.
You hear the slow rusting of a very distant drain.
You hear the hiss of a very distant avalanche of sand.
You hear a shout!
The gnoll closely misses you.
You slash the gnoll!
You kill the gnoll!
Trog accepts your kill.
The gnoll hits you from afar with a +0 halberd!
The gnoll is no longer moving quickly.
You slash the gnoll!
The gnoll is heavily wounded.
The gnoll hits you with a +0 halberd!
You closely miss the gnoll.
The gnoll is heavily wounded.
The gnoll hits you with a +0 halberd!
You slash the gnoll!
You feel better.
You kill the gnoll!
Trog accepts your kill.
You slash the gnoll bouda!
The gnoll bouda hits you with a +0 whip!
You die...

##.## ##...#
#..#.#
####....#
..##.####
#.##.# #
#.##.#
#.###.##.#
#.)@g<...#
g#######.####
.g.....).#
##########


You could see a gnoll bouda.

Vanquished Creatures
  4 gnolls (D:4)
  2 dart slugs (D:1)
  2 ball pythons (D:1)
  A bat (D:1)
  2 endoplasms (D:1)
  3 giant cockroaches (D:1)
  2 frilled lizards (D:1)
  3 kobolds (D:1)
  A rat (D:1)
20 creatures vanquished.

Notes
Turn   | Place    | Note
-------+----------+-------------------------------------------
     0 | D:1      | qw the Minotaur Berserker began the quest for the Orb.
     0 | D:1      | Reached XP level 1. HP: 19/19 MP: 0/0
     0 | D:1      | 0 ||| qw: Version: 0.1-a-113-g051387a
     0 | D:1      | 0 ||| qw: Game counter: 7242
     0 | D:1      | 0 ||| qw: Always use a shield: true
     0 | D:1      | 0 ||| qw: Do Orc after D:15 true
     0 | D:1      | 0 ||| qw: Do second Lair branch before Depths: true
     0 | D:1      | 0 ||| qw: Lair rune preference: random
     0 | D:1      | 0 ||| qw: Plans: Normal
     0 | D:1      | 0 ||| PLANNING D:1-11
    71 | D:1      | Reached skill level 4 in Axes
    95 | D:1      | 95 ||| Stepping ~*~*~tactically~*~*~ (stealth).
    96 | D:1      | 96 ||| Stepping ~*~*~tactically~*~*~ (stealth).
    97 | D:1      | 97 ||| Stepping ~*~*~tactically~*~*~ (stealth).
   101 | D:1      | 101 ||| Stepping ~*~*~tactically~*~*~ (stealth).
   106 | D:1      | 106 ||| Stepping ~*~*~tactically~*~*~ (stealth).
   229 | D:1      | Reached XP level 2. HP: 26/26 MP: 1/1
   271 | D:1      | 271 ||| Stepping ~*~*~tactically~*~*~ (hiding).
   704 | D:1      | Found a faded altar of an unknown god.
   729 | D:1      | 729 ||| Stepping ~*~*~tactically~*~*~ (stealth).
   772 | D:1      | 772 ||| READING 3 scrolls labelled ISYERPH KELORO.
   773 | D:1      | 773 ||| READING 2 scrolls labelled MOSU PUTEAME.
   774 | D:1      | 774 ||| READING scroll of brand weapon.
   774 | D:1      | 774 ||| BRANDING +0 hand axe of draining.
   775 | D:1      | 775 ||| READING 2 scrolls of identify.
   775 | D:1      | 775 ||| IDENTIFYING murky coppery potion
   776 | D:1      | 776 ||| DROPPING potion of degeneration.
   801 | D:2      | You fall into a shaft and drop 2 floors!
   802 | D:4      | 802 ||| PLANNING OSSUARY
   841 | D:4      | 841 ||| INVOKING Berserk.
   847 | D:4      | Reached skill level 5 in Axes
   847 | D:4      | Reached XP level 3. HP: 31/31 MP: 2/2
   884 | D:4      | 884 ||| Stepping ~*~*~tactically~*~*~ (stealth).
   885 | D:4      | 885 ||| Stepping ~*~*~tactically~*~*~ (stealth).
   887 | D:4      | 887 ||| Stepping ~*~*~tactically~*~*~ (hiding).
   894 | D:4      | 894 ||| INVOKING Berserk.
   902 | D:4      | HP: 7/46 [gnoll/+0 halberd[a gnoll bouda] (13)]
   903 | D:4      | Slain by a gnoll bouda

Levels and vault maps discovered:
D:1:      lemuel_arrival_room, layout_rooms,
          hellmonk_ecumenical_altar_inner_sanctum
D:2:      layout_basic
D:4:      layout_loops_corners, cheibrodos_sewer_entry_bend, enter_ossuary_4,
          serial_shops, nicolae_diamond_shop, shop, shop

Skill      XL: |  1  2 |
---------------+-------+-----
Axes           | 4 5 |  5.6
Fighting       | |  3.6
Armour         | |  2.4
Dodging        | |  2.1

Action                   || total
-------------------------++-------
Melee: Hand axe          ||    44
       Headbutt          ||     8
Invok: Berserk           ||     2
  Use: Scroll            ||     4
Armor: Animal skin       ||     5
Dodge: Dodged            ||    14

Table legend:
 A = Non-vault XP
 B = Vault XP
 C = Vault XP percentage of total XP
 D = Non-vault monster count
 E = Vault monster count
 F = Vault count percentage of total count
                 A         B        C        D         E       F
            +---------+---------+-------+---------+---------+-------
      Total |      89 |       0 |   0.0 |      20 |       0 |   0.0
            +---------+---------+-------+---------+---------+-------
        D:1 |      30 |       0 |   0.0 |      16 |       0 |   0.0
        D:4 |      59 |       0 |   0.0 |       4 |       0 |   0.0
            +---------+---------+-------+---------+---------+-------
